 Dungeon Crawl Stone Soup version 0.28.0 (webtiles) character file.

Game seed: 12310458637934454638

104 Hasart the Covered (level 4, -2/38 HPs)
             Began as a Demigod Fighter on Feb 15, 2022.
             Succumbed to a scorpion's poison
             ... on level 4 of the Dungeon.
             The game lasted 00:05:41 (3353 turns).

Hasart the Covered (Demigod Fighter)                Turns: 3353, Time: 00:05:42

Health: -2/38      AC:  9    Str: 21    XL:     4   Next: 28%
Magic:  2/6        EV:  6    Int: 10    God:
Gold:   103        SH:  4    Dex: 13    Spells: 3/3 levels left

rFire   . . .      SeeInvis .   a - +0 long sword
rCold   . . .      Faith    .   c - +0 buckler
rNeg    . . .      Spirit   +   b - +0 scale mail
rPois   .          Reflect  .   (no helmet)
rElec   .          Harm     .   (no cloak)
rCorr   .          Rampage  .   (no gloves)
Will    .....                   f - +1 pair of boots
Stlth   ..........              i - amulet of guardian spirit
HPRegen 0.12/turn               (no ring)
MPRegen 0.10/turn               (no ring)

@: lethally poisoned (-2 -> -20), constricted
A: high MP 1, forlorn, divine attributes
a: no special abilities


You were on level 4 of the Dungeon.
You visited 1 branch of the dungeon, and saw 4 of its levels.

You collected 103 gold pieces.

Inventory:

Hand Weapons
 a - a +0 long sword (weapon)
Armour
 b - a +0 scale mail (worn)
 c - a +0 buckler (worn)
 f - a +1 pair of boots (worn)
Jewellery
 i - an amulet of guardian spirit (around neck)
Scrolls
 e - 4 scrolls of identify {unknown}
 g - 2 scrolls of teleportation {unknown}
 k - a scroll of blinking {unknown}
 m - a scroll of magic mapping {unknown}
Potions
 d - a potion of might
 h - 4 potions of curing {unknown}
 j - a potion of flight {unknown}
 l - a potion of lignification {unknown}


   Skills:
 + Level 3.1 Fighting
 * Level 2.9 Long Blades
 + Level 3.2 Armour
 + Level 1.2 Dodging
 + Level 3.1 Shields


You had 3 spell levels left.
You didn't know any spells.
Your spell library was empty.

Dungeon Overview and Level Annotations

Branches:
Dungeon (4/15)
 Temple: D:4-7

Shops:
D:2 (


Innate Abilities, Weirdness & Mutations

You have an increased reservoir of magic. (+10% MP)
You shall have no god before yourself.
Your divine heritage dramatically boosts your attributes as you level up.


Message History

You closely miss the ball python. The ball python barely misses you.
The ball python constricts you. The scorpion stings you.
You barely miss the ball python.
The ball python bites you but does no damage.
The ball python constricts you. The scorpion closely misses you.
The ball python barely misses you. The ball python constricts you.
You hit the scorpion but do no damage. The scorpion stings you.
You are poisoned.
The scorpion poisons you!
The ball python bites you but does no damage.
The ball python constricts you. The scorpion stings you.
You are more poisoned.
The scorpion poisons you!
You hit the scorpion.
The scorpion is lightly wounded.
You feel extremely sick.
The ball python bites you but does no damage.
The ball python constricts you. You block the scorpion's attack.
You block the ball python's attack. The ball python constricts you.
The scorpion stings you but does no damage.
You hit the scorpion.
The scorpion is moderately wounded.
You feel very sick.
The ball python bites you but does no damage.
The ball python constricts you. The scorpion stings you!
* * * LOW HITPOINT WARNING * * *
You are more poisoned.
The scorpion poisons you!
The ball python bites you but does no damage.
The ball python constricts you.
You closely miss the scorpion.
The scorpion is moderately wounded.
* * * LOW HITPOINT WARNING * * *
You feel extremely sick. The scorpion barely misses you.
The ball python bites you but does no damage.
The ball python constricts you. You block the scorpion's attack.
You barely miss the scorpion.
The scorpion is moderately wounded.
You die...

#########
#.......#
#.#####.# #.#
#.# #.# #.# #.#
#.#
######'#####.#
.......s@...#.#
..##.....S..#.#
## #........#.#
.####
#........#.#
.....
#........#.#
..>...
##########.#
##.#.. ###.####
.#.# . #......#
.... #.#.##.#


You could see a scorpion and a ball python.

Vanquished Creatures
  A gnoll (D:1)
  2 adders
  An adder zombie (D:4)
  2 dart slugs
  7 ball pythons
  6 bats
  6 endoplasms
  4 giant cockroaches
  3 goblins
  3 hobgoblins (D:3)
  10 jackals
  3 quokkas
  A frilled lizard (D:1)
  9 kobolds
  A rat (D:1)
59 creatures vanquished.

Vanquished Creatures (others)
  4 plants (D:3)
  2 withered plants (D:4)
6 creatures vanquished.

Grand Total: 65 creatures vanquished

Notes
Turn   | Place    | Note
-------+----------+-------------------------------------------
     0 | D:1      | Hasart the Demigod Fighter began the quest for the Orb.
     0 | D:1      | Reached XP level 1. HP: 18/18 MP: 3/3
   471 | D:1      | Reached XP level 2. HP: 25/25 MP: 4/4
   810 | D:1      | Reached XP level 3. HP: 10/30 MP: 5/5
  1539 | D:2      | Reached skill level 1 in Dodging
  1736 | D:2      | Found Foasmocs's Antique Weapon Shoppe.
  2468 | D:3      | Reached XP level 4. HP: 38/38 MP: 6/6
  3353 | D:4      | Succumbed to a scorpion's poison

Illustrated notes

Levels and vault maps discovered:
D:1:      minmay_arrival_semitransparent, layout_loops_corners
D:2:      layout_basic, serial_shops, nicolae_square_shop
D:3:      layout_loops_ring, mainiacjoe_overflow_two_lobes, lemuel_doored_altar,
          dilly_ecumenical_altar_fadedgnrine
D:4:      layout_basic, serial_undead, serial_undead_c, serial_undead_d,
          serial_undead_e, serial_undead_e, minmay_misc_feat_x

Skill      XL: |  1  2  3 |
---------------+----------+-----
Long Blades    | 2 |  2.9
Armour         | 3 |  3.2
Shields        | 3 |  3.1
Fighting       | 3 |  3.1
Dodging        | 1 |  1.2

Action                   |  1- 3 |  4- 6 || total
-------------------------+-------+-------++-------
Melee: Long sword        |   161 |    63 ||   224
Armor: Scale mail        |   102 |    31 ||   133
Dodge: Dodged            |    82 |    24 ||   106
Block: Buckler           |    52 |    17 ||    69
